 Dungeon Crawl Stone Soup version 0.18.1-50-g88ac8fd (webtiles) character file.

111 HolyRage the Ruffian (level 4, -4/45 HPs)
             Began as a Troll Monk on Sept 17, 2016.
             Slain by Sigmund
             ... wielding a +0 scythe
              (11 damage)
             ... on level 3 of the Dungeon.
             The game lasted 00:10:07 (1742 turns).

HolyRage the Ruffian (Troll Monk)                   Turns: 1742, Time: 00:10:08

Health: -4/45      AC:  6    Str: 19    XL:     4   Next: 62%
Magic:  3/3        EV: 10    Int:  6    God:
Gold:   57         SH:  0    Dex: 13    Spells: 0 memorised, 3 levels left

rFire  . . .     SeeInvis .       - Unarmed
rCold  . . .     Gourm    +     j - +1 robe
rNeg   . . .     Faith    .     (no shield)
rPois  .         Spirit   .     (helmet restricted)
rElec  .         Dismiss  .     (no cloak)
rCorr  .         Reflect  .     (gloves unavailable)
SustAt .         Harm     .     (boots unavailable)
MR     .....                    (no amulet)
Stlth  +.........               (no ring)
                                (no ring)

@: flying, drained, not resistant to hostile enchantments, very unstealthy
A: unfitting armour, claws 3, fast metabolism 3, gourmand, regeneration 2,
shaggy fur 1, tough skin 2
a: no special abilities


You were on level 3 of the Dungeon.
You were very full.

You visited 1 branch of the dungeon, and saw 3 of its levels.

You collected 57 gold pieces.

Inventory:

Armour
 j - a +1 robe (worn)
Scrolls
 e - a scroll of enchant weapon {unknown}
 g - a scroll of magic mapping
Potions
 c - a potion of curing
Comestibles
 b - 4 bread rations
 f - 2 beef jerkies
 h - a slice of pizza
 k - 5 chunks of flesh


   Skills:
 + Level 3.2(3.1) Fighting
 - Level 2.4(2.3) Dodging
 - Level 1.1(1.0) Stealth
 + Level 5.4(5.3) Unarmed Combat


You had 3 spell levels left.
You didn't know any spells.

Dungeon Overview and Level Annotations

Branches:
Dungeon (3/15)

Altars:
Dithmenos
Elyvilon
Xom

Annotations:
D:3 Sigmund


Innate Abilities, Weirdness & Mutations

You are too large for most types of armour.
You have claws for hands.
Your metabolism is lightning-fast.
You like to eat raw meat.
You heal very quickly.
You are covered in fur (AC +1).
You have very tough skin (AC +2).


Message History

Something tries to affect you, but you resist.
You hear some strange, mumbled words.
A puff of flame appears from out of thin air!
The puff of flame misses you.
Drink which item? (? for menu, Esc to quit)
You feel much better. Something hits you!
Drink which item? (? for menu, Esc to quit)
It was a potion of cancellation.
Your magical effects are unravelling.
You feel magically purged.
You feel less confused. Something hits you!
Something hits you but does no damage. Something hits you!
* * * LOW HITPOINT WARNING * * *
Drink which item? (? for menu, Esc to quit)
It was a potion of flight.
You feel very buoyant.
You fly up into the air.
Something hits you!
You die...

#####.#### #....#....
#.# #.#### #.# #.# #.#
#.# #.# #.#### # #.#
#<.... #####.#########.#
###### .......@.....w..#
.####.#########.########
# #....w.... #.########
#.######## #.##......
#.#...#### #....[.##
########...#.##


You could see a worm.

Vanquished Creatures
  Robin (D:3)
  A gnoll (D:1)
  3 adders (D:2)
  2 worms
  5 giant geckos
  5 bats
  4 giant cockroaches
  10 goblins
  8 hobgoblins
  6 kobolds
  2 giant newts
  4 rats
51 creatures vanquished.

Notes
Turn   | Place    | Note
--------------------------------------------------------------
     0 | D:1      | HolyRage the Troll Monk began the quest for the Orb.
     0 | D:1      | Reached XP level 1. HP: 22/22 MP: 0/0
    49 | D:1      | Found a shimmering altar of Xom.
   111 | D:1      | Reached XP level 2. HP: 26/29 MP: 1/1
   575 | D:1      | You fall through a shaft!
   578 | D:2      | Reached XP level 3. HP: 36/36 MP: 2/2
   689 | D:2      | Found a white marble altar of Elyvilon.
   702 | D:2      | Reached skill level 5 in Unarmed Combat
  1010 | D:2      | Reached XP level 4. HP: 44/44 MP: 3/3
  1241 | D:2      | Found a shadowy altar of Dithmenos.
  1644 | D:3      | Noticed Robin
  1658 | D:3      | Killed Robin
  1719 | D:3      | Noticed Sigmund
  1742 | D:3      | Slain by Sigmund

Skill      XL: |  1  2  3  4 |
---------------+-------------+-----
Unarmed Combat | 5 |  5.4
Fighting       | 3 |  3.2
Dodging        | |  2.4
Stealth        | |  1.1

Action                   |  1- 3 |  4- 6 || total
-------------------------+-------+-------++-------
Melee: Unarmed           |   105 |    50 ||   155
       Punch             |     1 |     2 ||     3
  Use: Scroll            |     4 |     5 ||     9
       Potion            |       |     3 ||     3
 Stab: Sleeping          |     4 |       ||     4
  Eat: Chunk             |    15 |     6 ||    21
Armor: Robe              |    34 |    25 ||    59
Dodge: Dodged            |    41 |    22 ||    63
